 Dungeon Crawl Stone Soup version 0.25-a0-1130-g3926558 (webtiles) character file.

Game seed: 13706935817380269580, levelgen mode: deterministic

558494 Faca the Merfolkian Porcupine (level 26, -11/227 HPs)
             Began as a Merfolk Gladiator on May 19, 2020.
             Was a High Priest of Okawaru.
             Killed by the air
             ... invoked by a titan
              (27 damage)
             ... on level 5 of the Vaults.
             The game lasted 02:12:30 (70412 turns).

Faca the Merfolkian Porcupine (Merfolk Gladiator)  Turns: 70412, Time: 02:12:31

Health: -11/227    AC: 48    Str: 23    XL:     26   Next: 56%
Magic:  25/27      EV: 21    Int: 16    God:    Okawaru [*****.]
Gold:   2060       SH: 33    Dex: 22    Spells: 25/25 levels left

rFire    + + .     SeeInvis +   b - +6 demon trident (protect)
rCold    + + +     Gourm    .   H - +2 tower shield {rC+ rF+}
rNeg     . . .     Faith    .   K - +6 gold dragon scales
rPois    +         Spirit   .   E - +2 helmet {SInv}
rElec    +         Reflect  +   T - +2 cloak {MR+}
rCorr    .         Harm     .   O - +3 pair of gauntlets of War {Slay+5}
MR       +++..                  D - +0 pair of boots of the Past {rC+ Dex+6}
Stlth    ..........             l - amulet of reflection
HPRegen  0.47/turn              t - ring of protection from magic
MPRegen  0.20/turn              M - ring "Mirchu" {rElec rPois Int+6}

@: heroism, protection aura, lightly drained
A: change form in water, swift swim, stealthy swim, low mp 1
}: 3/15 runes: decaying, abyssal, gossamer
a: Heroism, Finesse, Renounce Religion


You were on level 5 of the Vaults.
You worshipped Okawaru.
Okawaru was extremely pleased with you.
You were hungry.

You visited 10 branches of the dungeon, and saw 46 of its levels.
You visited the Abyss 1 time.
You also visited: Ice Cave.

You collected 8724 gold pieces.
You spent 6664 gold pieces at shops.

Inventory:

Hand Weapons
 b - a +6 demon trident of protection (weapon)
 w - the +7 spear of Zanuum {holy, rN+}
   (You found it on level 6 of the Dungeon)

   It has been blessed by the Shining One to cause great damage to the undead
   and demons.
   It protects you from negative energy.
Missiles
 d - 8 throwing nets
 z - 48 silver javelins
 G - 65 boomerangs
 I - 16 javelins (quivered)
Armour
 m - a scarf of resistance
 D - the +0 pair of boots of the Past (worn) {rC+ Dex+6}
   (Okawaru gifted it to you on level 2 of the Depths)

   It affects your dexterity (+6).
   It protects you from cold.
 E - a +2 helmet of see invisible (worn)
 H - a +2 tower shield of resistance (worn)
 J - the +2 hood of the Assassin {Detection Stab+ Stlth++}
   (You bought it in a shop on level 1 of the Elven Halls)

   It makes you much more stealthy.
 K - +6 gold dragon scales (worn)
 O - the +3 pair of gauntlets of War (worn) {Slay+5}
   (You found it on level 4 of the Lair of Beasts)

   It affects your accuracy and damage with ranged weapons and melee attacks
   (+5).
 T - a +2 cloak of magic resistance (worn)
Jewellery
 l - an amulet of reflection (around neck)
 s - an uncursed ring of resist corrosion
 t - a ring of protection from magic (left hand)
 M - the ring "Mirchu" (right hand) {rElec rPois Int+6}
   (You bought it in a shop on level 7 of the Dungeon)

   [ring of intelligence]

   It affects your intelligence (+6).
   It insulates you from electricity.
   It protects you from poison.
 S - the amulet of Cutyqip {Acrobat rPois rF- Str+2 Int+4}
   (You took it off a vault warden on level 5 of the Vaults)

   [amulet of the acrobat]

   It helps you evade while moving and waiting.
   It affects your strength (+2).
   It affects your intelligence (+4).
   It makes you vulnerable to fire.
   It protects you from poison.
Wands
 g - a wand of digging (7)
 y - a wand of enslavement (6)
Scrolls
 a - 3 scrolls of holy word
 h - a scroll of blinking
 p - 4 scrolls of teleportation
 q - a scroll of enchant armour
 u - 5 scrolls of fog
 v - 13 scrolls of magic mapping
 x - 2 scrolls of summoning
 A - 23 scrolls of identify
 B - 23 scrolls of remove curse
 F - a scroll of torment
 L - 9 scrolls of enchant weapon
 P - 5 scrolls of fear
 R - 7 scrolls of immolation
Potions
 c - a potion of invisibility
 e - 11 potions of might
 i - 10 potions of haste
 j - 6 potions of curing
 k - 6 potions of cancellation
 n - 3 potions of resistance
 o - 6 potions of berserk rage
 r - 9 potions of mutation
 C - 7 potions of lignification
 N - 4 potions of flight
 Q - a potion of ambrosia
 U - a potion of brilliance
Comestibles
 f - 75 rations


   Skills:
 + Level 22.8(26.4) Fighting
 O Level 27(26.4) Polearms
 - Level 10.0(14.5) Throwing
 + Level 12.2(16.8) Armour
 + Level 24.9(26.4) Dodging
 + Level 19.4(23.9) Shields
 - Level 10.0(9.6) Invocations


You had 25 spell levels left.
You didn't know any spells.
Your spell library contained the following spells:

 Spells                   Type           Power        Failure   Level  Hunger
 Animate Skeleton         Necr           N/A          100%        1    ##.....
 Apportation              Tloc           #.....       100%        1    ##.....
 Beastly Appendage        Tmut           #.....       100%        1    ##.....
 Corona                   Hex            #......      100%        1    ##.....
 Foxfire                  Conj/Fire      #...         100%        1    ##.....
 Freeze                   Ice            #...         100%        1    ##.....
 Infusion                 Chrm           #...         100%        1    ##.....
 Magic Dart               Conj           #...         100%        1    ##.....
 Pain                     Necr           #...         100%        1    ##.....
 Shock                    Conj/Air       #...         100%        1    ##.....
 Summon Butterflies       Summ           #.......     100%        1    ##.....
 Summon Small Mammal      Summ           #...         100%        1    ##.....
 Blink                    Tloc           N/A          100%        2    ###....
 Call Imp                 Summ           #.......     100%        2    ###....
 Corpse Rot               Necr/Air       N/A          100%        2    ###....
 Ensorcelled Hibernation  Hex/Ice        #.....       100%        2    ###....
 Searing Ray              Conj           #.....       100%        2    ###....
 Shroud of Golubria       Chrm/Tloc      #.....       100%        2    ###....
 Slow                     Hex            #.......     100%        2    ###....
 Song of Slaying          Chrm           #.......     100%        2    ###....
 Sticks to Snakes         Tmut           #.......     100%        2    ###....
 Swiftness                Chrm/Air       #.......     100%        2    ###....
 Confusing Touch          Hex            #.......     100%        3    ####...
 Conjure Flame            Conj/Fire      #.......     100%        3    ####...
 Dazzling Flash           Conj/Hex       #.....       100%        3    ####...
 Frozen Ramparts          Ice            #.....       100%        3    ####...
 Ignite Poison            Fire/Tmut/Pois #.......     100%        3    ####...
 Inner Flame              Hex/Fire       #.......     100%        3    ####...
 Lesser Beckoning         Tloc           #.........   100%        3    ####...
 Mephitic Cloud           Conj/Pois/Air  #.......     100%        3    ####...
 Ozocubu's Armour         Chrm/Ice       #.......     100%        3    ####...
 Portal Projectile        Hex/Tloc       #.....       100%        3    ####...
 Recall                   Summ/Tloc      N/A          100%        3    ####...
 Spectral Weapon          Hex/Chrm       #.......     100%        3    ####...
 Spider Form              Tmut/Pois      #.........   100%        3    ####...
 Static Discharge         Conj/Air       #.......     100%        3    ####...
 Tukima's Dance           Hex            #.......     100%        3    ####...
 Vampiric Draining        Necr           #.........   100%        3    ####...
 Airstrike                Air            #.........   100%        4    #####..
 Animate Dead             Necr           N/A          100%        4    #####..
 Cause Fear               Hex            #.........   100%        4    #####..
 Fulminant Prism          Conj/Hex       #.........   100%        4    #####..
 Hailstorm                Conj/Ice       #.......     100%        4    #####..
 Ice Form                 Ice/Tmut       #.......     100%        4    #####..
 Iskenderun's Mystic Bla  Conj/Tloc      #.......     100%        4    #####..
 Leda's Liquefaction      Hex/Erth       #.........   100%        4    #####..
 Passage of Golubria      Tloc           N/A          100%        4    #####..
 Sticky Flame             Conj/Fire      #.......     100%        4    #####..
 Summon Ice Beast         Ice/Summ       #.......     100%        4    #####..
 Summon Lightning Spire   Summ/Air       #.......     100%        4    #####..
 Agony                    Necr           #.......     100%        5    ######.
 Alistair's Intoxication  Tmut/Pois      #.......     100%        5    ######.
 Aura of Abjuration       Summ           #.........   100%        5    ######.
 Blade Hands              Tmut           #.........   100%        5    ######.
 Bolt of Magma            Conj/Fire/Erth #.........   100%        5    ######.
 Borgnjor's Vile Clutch   Necr/Erth      #.........   100%        5    ######.
 Fireball                 Conj/Fire      #.........   100%        5    ######.
 Irradiate                Conj/Tmut      #.........   100%        5    ######.
 Iskenderun's Battlesphe  Conj/Chrm      #.......     100%        5    ######.
 Lightning Bolt           Conj/Air       #.........   100%        5    ######.
 Metabolic Englaciation   Hex/Ice        #.........   100%        5    ######.
 Silence                  Hex/Air        #.........   100%        5    ######.
 Summon Demon             Summ           #.........   100%        5    ######.
 Summon Forest            Summ/Tloc      #.........   100%        5    ######.
 Summon Mana Viper        Hex/Summ       #.......     100%        5    ######.
 Conjure Ball Lightning   Conj/Air       #.........   100%        6    #######
 Darkness                 Hex            #.........   100%        6    #######
 Freezing Cloud           Conj/Ice/Air   #.........   100%        6    #######
 Hydra Form               Tmut           #.........   100%        6    #######
 Invisibility             Hex            #.......     100%        6    #######
 Iron Shot                Conj/Erth      #.........   100%        6    #######
 Ozocubu's Refrigeration  Ice            #.........   100%        6    #######
 Shadow Creatures         Summ           N/A          100%        6    #######
 Simulacrum               Ice/Necr       #.........   100%        6    #######
 Starburst                Conj/Fire      #.........   100%        6    #######
 Statue Form              Tmut/Erth      #........    100%        6    #######
 Dragon Form              Tmut           #.........   100%        7    #######
 Haunt                    Necr/Summ      #.........   100%        7    #######
 Orb of Destruction       Conj           #.........   100%        7    #######
 Ring of Flames           Chrm/Fire      #.........   100%        7    #######
 Spellforged Servitor     Conj/Summ      #.........   100%        7    #######
 Borgnjor's Revivificati  Necr           #.........   100%        8    #######
 Death's Door             Chrm/Necr      #.........   100%        8    #######
 Ignition                 Fire           #.........   100%        8    #######
 Infestation              Necr           #.........   100%        8    #######
 Necromutation            Tmut/Necr      #.........   100%        8    #######
 Shatter                  Erth           #.........   100%        9    #######
 Tornado                  Air            #.........   100%        9    #######


Dungeon Overview and Level Annotations

Branches:
Dungeon (15/15)            Temple (1/1) D:6            Lair (6/6) D:8
  Swamp (4/4) Lair:3       Spider (4/4) Lair:4        Slime (0/5) Lair:6
    Orc (2/2) D:9             Elf (3/3) Orc:2        Vaults (5/5) D:14
  Crypt (0/3) Vaults:3     Depths (5/5) D:15           Hell (visited)
    Dis (0/7) Hell            Geh (0/7) Hell            Coc (0/7) Hell
    Tar (0/7) Hell            Zot (0/5) Depths:5      IceCv (visited)

Altars:
Ashenzari
Cheibriados
Dithmenos
Elyvilon
Fedhas
Gozag
Hepliaklqana
Kikubaaqudgha
Makhleb
Nemelex Xobeh
Okawaru
Qazlal
Ru
Sif Muna
Trog
Uskayaw
Vehumet
Wu Jian
Xom
Yredelemnul
Zin
The Shining One

Shops:
D:7 =   D:8 }[(   D:9 %(*   D:12 (!*[   D:15 (   Orc:1 =   Orc:2 %(![
Elf:1 *[[   Elf:2 !   Elf:3 [   Vaults:4 *   Depths:4 =(*?

Portals:
Hell: Depths:1 Depths:2 Depths:3 Depths:4 Depths:5
Abyss: Depths:4
Pandemonium: Depths:3
Ziggurat: Depths:1
Trove: D:12 (give 4 potions of resistance)

Annotations:
Swamp:1 Roxanne


Innate Abilities, Weirdness & Mutations

You revert to your normal form in water.
You are very nimble and swift while swimming.
You are very stealthy in the water. (Stealth+)
Your magical capacity is low. (-10% MP)


Message History

The storm dragon breathes lightning at you.
The bolt of lightning hits you! You resist.
* * * LOW HITPOINT WARNING * * *
You closely miss the storm dragon. You puncture the storm dragon!
Your weapon exudes an aura of protection.
The storm dragon is lightly wounded.
You block the storm dragon's attack. x3
You hit the storm dragon.
The storm dragon is lightly wounded.
You block the storm dragon's attack. x3
The titan waves its arms in wide circles.
The air twists around and strikes you!!
* * * LOW HITPOINT WARNING * * *
You gain the combat prowess of a mighty hero.
You block the storm dragon's attack. x2
The storm dragon tramples you but does no damage.
The titan waves its arms in wide circles.
The air twists around and strikes you!!
You die...

.... ...
...### # #
.... .#..#
#C.. .#..#
#..#......
#.D#....#
#.@..#..#.
#....#...
#......#
#.#....#
#.#.#....#
#...#.#..#
#.....#.#.
#.......#
#..#.#.#..


You could see a titan and a storm dragon.

Vanquished Creatures
  2 ancient liches
  Mara (Swamp:4)
  Mennas (Vaults:4)
  3 juggernauts (Depths:2)
  Bai Suzhen (Swamp:4)
  Margery (Vaults:3)
  Boris (twice) (Vaults:4)
  Frederick (Vaults:2)
  The ghost of Yre Kiomnai the Tortoise, a veteran FoFi of Okawaru (Depths:3)
  A caustic shrike (Depths:2)
  Geryon (Hell)
  4 golden dragons
  A golden dragon (shapeshifter) (Vaults:5)
  the Enchantress (Depths:4)
  Nikola (Swamp:1)
  Jorgrun (Spider:1)
  4 tentacled monstrosities
  5 liches
  4 titans
  2 deep elf blademasters
  4 quicksilver dragons
  A deep elf master archer (Elf:3)
  6 sphinxes
  4 thorn hunters
  Kirke (Lair:6)
  3 tentacled starspawn (Abyss:4)
  5 tengu reavers
  7 shadow dragons
  6 storm dragons
  6 fire giants
  3 ghost moths (Spider:4)
  2 iron dragons
  6 deep elf sorcerers
  Aizul (Spider:1)
  15 vault wardens
  10 frost giants
  Louise (Elf:3)
  A balrug (Depths:3)
  10 ironheart preservers
  3 draconian annihilators (Depths:5)
  2 entropy weavers (Spider:4)
  4 deep elf elementalists
  A reaper (Hell)
  4 spriggan defenders
  20 stone giants
  3 war gargoyles
  5 emperor scorpions
  6 very ugly things
  3 vampire knights
  A yellow draconian (Depths:5)
  10 deep elf demonologists
  15 deep elf annihilators
  2 green draconians (Depths:5)
  2 purple draconians (Depths:5)
  2 white draconians
  A spark wasp (shapeshifter) (Depths:1)
  Snorg (Lair:5)
  A merfolk javelineer (Depths:2)
  8 spark wasps
  3 deep elf death magi
  A green death (Depths:3)
  12 ettins
  6 blizzard demons
  11 fire dragons
  2 jiangshi (Depths:5)
  2 merfolk impalers (Depths:2)
  17 yaktaur captains
  2 crystal guardians (Vaults:3)
  A kraken zombie (Hell)
  4 deep elf high priests
  33 vault guards
  20 hydras
  10 great orbs of eyes
  2 rakshasas
  A hell beast (Depths:2)
  5 spriggan air magi
  A ghost crab (Swamp:3)
  3 death knights
  11 ice dragons
  13 centaur warriors
  54 two-headed ogres
  2 shambling mangroves
  3 catoblepae
  24 dancing weapons
  2 two-headed ogres (shapeshifter)
  3 death yaks (Lair:6)
  4 tengu warriors
  17 alligators
  9 deep troll shamans
  11 deep troll earth magi
  16 ogre magi
  4 spriggan berserkers
  2 hell hogs (Hell)
  3 soul eaters
  A vampire mage (Depths:5)
  An orc high priest (Orc:2)
  2 iron golems (Hell)
  22 deep elf knights
  5 sun demons
  3 hell knights (Vaults:3)
  10 skeletal warriors
  An anaconda zombie (Hell)
  3 spriggan druids
  5 shadow wraiths
  2 sixfirhies (Abyss:4)
  7 iron trolls
  3 fire crabs (shapeshifter)
  25 deep trolls
  16 swamp dragons
  4 unseen horrors
  An orange crystal statue (Depths:2)
  4 glowing orange brains
  23 deep elf archers
  4 wizards
  2 anaconda skeletons (Hell)
  7 flayed ghosts
  2 starcursed masses (Abyss:4)
  A shadow dragon zombie (Hell)
  4 harpies (Vaults:4)
  14 orc knights
  A harpy (shapeshifter) (Vaults:3)
  5 necromancers
  17 ironbrand convokers
  4 phantasmal warriors
  A stone giant zombie (Depths:1)
  A mana viper (Abyss:4)
  13 orb spiders
  A sphinx zombie (Depths:1)
  34 ugly things
  46 deep elf magi
  2 manticores
  7 cyclopes
  A frost giant zombie (Hell)
  3 orc sorcerers
  3 moths of wrath
  29 wolf spiders
  10 elephants
  A black mamba (shapeshifter) (D:15)
  5 black mambas
  11 vault sentinels
  5 ice statues
  A stone giant skeleton (Hell)
  An orange demon (Hell)
  6 rust devils (Depths:3)
  2 smoke demons (Abyss:4)
  12 spiny frogs
  A gargoyle (D:14)
  3 torpor snails
  2 kobold demonologists
  7 komodo dragons
  A spriggan zombie (Depths:1)
  63 yaktaurs
  3 rime drakes (Lair:6)
  15 freezing wraiths
  15 demonic crawlers
  An efreet (D:14)
  2 hellwings
  An ancient zyme (Abyss:4)
  2 red devils (Hell)
  2 tengu conjurers
  An anaconda simulacrum (IceCv)
  12 ice devils
  3 meliai (Spider:3)
  20 hornets
  7 tyrant leeches
  A jumping spider (shapeshifter) (Depths:4)
  6 trolls
  A hydra zombie (Hell)
  31 jumping spiders
  A wind drake (shapeshifter) (Vaults:4)
  9 polar bears (Lair:6)
  34 slime creatures
  10 blink frogs
  16 bog bodies
  A hydra skeleton (Hell)
  5 raiju
  A hippogriff (shapeshifter) (Vaults:4)
  A large abomination (Abyss:4)
  6 hippogriffs
  3 air elementals (Elf:3)
  6 flying skulls
  3 shadows
  An ettin skeleton (Depths:1)
  2 dire elephant simulacra (IceCv)
  70 redbacks
  30 yaks
  A spriggan (shapeshifter) (D:14)
  9 water elementals
  9 fire elementals
  10 spriggans
  3 hogs
  4 wyverns
  A centaur simulacrum (D:14)
  The ghost of Rem the Chopper, an amateur HOFi (D:3)
  25 tarantellas
  A human (D:11)
  5 wraiths
  5 basilisks
  A chaos spawn (Depths:3)
  5 iron troll simulacra (IceCv)
  3 hungry ghosts
  2 human simulacra (Vaults:2)
  25 vampire mosquitoes
  5 acid dragons
  9 wargs
  20 insubstantial wisps
  16 swamp worms
  2 harpy simulacra (IceCv)
  7 porcupines
  7 water moccasins
  A spiny frog zombie (Hell)
  20 hell hounds
  2 hydra simulacra (Hell)
  2 sky beasts
  9 swamp drakes
  47 orc warriors
  12 black bears
  An ice beast (D:7)
  4 phantoms
  14 boggarts
  52 wolves
  35 ogres
  24 centaurs
  10 crocodiles
  5 big kobolds
  20 bullfrogs
  6 earth elementals
  A deep troll simulacrum (Vaults:2)
  An elf simulacrum (Vaults:1)
  2 scorpions
  6 killer bees (D:9)
  10 wights
  4 electric eels
  6 howler monkeys
  6 centaur zombies
  7 crimson imps
  4 jellies
  4 bullfrog zombies
  5 hounds
  2 bullfrog skeletons
  12 orc priests
  2 quasits
  7 centaur skeletons
  3 iron imps (Depths:3)
  24 orc wizards
  7 iguanas
  11 worker ants
  6 hell rats (Lair:3)
  2 small abominations (Abyss:4)
  2 hound skeletons
  A hound zombie (D:7)
  A worker ant zombie (D:5)
  A gnoll (D:3)
  11 adders
  7 shadow imps
  4 white imps (Depths:3)
  An ufetubus (Depths:3)
  3 oozes
  An adder skeleton (D:7)
  A worm (D:4)
  4 dart slugs
  5 leopard geckos
  97 orcs
  2 ball pythons
  9 bats
  6 giant cockroaches
  6 goblins
  7 hobgoblins
  16 jackals
  A kobold (shapeshifter) (Depths:5)
  5 quokkas
  5 frilled lizards
  A jackal skeleton (D:4)
  29 kobolds
  A leopard gecko skeleton (D:5)
  A leopard gecko zombie (D:6)
  3 rats
  A spectral orc (D:6)
  2 briar patches (Swamp:3)
  A butterfly (Lair:3)
  4 crawling corpses (Elf:3)
  A lurking horror (Abyss:4)
  2 plants (Lair:6)
  4 starspawn tentacles (Abyss:4)
  2 tentacles (Hell)
2151 creatures vanquished.

Vanquished Creatures (others)
  Asterion (Spider:1)
  A ghost moth (Spider:4)
  A deep elf annihilator (Elf:3)
  A wolf spider (Spider:1)
  A manticore (D:15)
  A deep elf mage (Elf:1)
  A water elemental (Hell)
  2 orc warriors (Vaults:3)
  An ogre (Vaults:5)
  An orc (Orc:2)
  A briar patch (Swamp:3)
  11 fungi
  26 plants
  15 starspawn tentacles (Abyss:4)
  5 tentacles (Hell)
  7 toadstools (Swamp:3)
76 creatures vanquished.

Grand Total: 2227 creatures vanquished

Notes
Turn   | Place    | Note
-------+----------+-------------------------------------------
     0 | D:1      | Faca the Merfolk Gladiator began the quest for the Orb.
     0 | D:1      | Reached XP level 1. HP: 16/16 MP: 1/1
   115 | D:1      | Reached XP level 2. HP: 23/23 MP: 2/2
   196 | D:1      | Reached skill level 5 in Polearms
   338 | D:1      | Reached XP level 3. HP: 28/29 MP: 3/3
  1568 | D:2      | Reached XP level 4. HP: 37/37 MP: 4/4
  1616 | D:2      | Reached skill level 6 in Polearms
  2507 | D:3      | Reached XP level 5. HP: 37/42 MP: 5/5
  3188 | D:3      | Identified the cursed +0 dagger of the Trees {venom, rN+
                  | MR++ Stlth-}
  3188 | D:3      | Noticed a big kobold
  3189 | D:3      | Noticed Rem's ghost (amateur HOFi)
  3190 | D:3      | Found a runed translucent gate.
  3191 | D:3      | Found a runed translucent gate.
  3191 | D:3      | Found a runed translucent gate.
  3651 | D:4      | Reached skill level 7 in Polearms
  3688 | D:4      | Noticed an ogre
  3699 | D:4      | Killed an ogre
  3699 | D:4      | Reached skill level 5 in Fighting
  3699 | D:4      | Reached XP level 6. HP: 51/51 MP: 6/6
  4487 | D:5      | Entered Level 5 of the Dungeon
  4674 | D:4      | Reached skill level 8 in Polearms
  5045 | D:5      | Reached XP level 7. HP: 49/57 MP: 7/7
  5189 | D:5      | Reached skill level 9 in Polearms
  5285 | D:5      | Found a glowing golden altar of the Shining One.
  5605 | D:5      | Reached XP level 8. HP: 56/67 MP: 8/8
  5612 | D:5      | Reached skill level 10 in Polearms
  5728 | D:5      | Found an ancient bone altar of Kikubaaqudgha.
  6324 | D:6      | Got a pair of scorched gloves
  6330 | D:6      | Identified the +1 pair of gloves of the Fifty Runes {-Cast
                  | Harm rC+ SInv} (You found it on level 6 of the Dungeon)
  6532 | D:6      | Found a shattered altar of Ashenzari.
  6597 | D:6      | Got a smoking spear
  6598 | D:6      | Identified the +7 spear of Zanuum {holy, rN+} (You found it
                  | on level 6 of the Dungeon)
  6749 | D:6      | Found a staircase to the Ecumenical Temple.
  6772 | Temple   | Entered the Ecumenical Temple
  6883 | Temple   | Became a worshipper of Warmaster Okawaru
  7141 | D:6      | Found a basalt altar of Yredelemnul.
  7438 | D:7      | Reached skill level 11 in Polearms
  7728 | D:7      | Reached * piety under Okawaru
  7809 | D:7      | Reached XP level 9. HP: 76/76 MP: 9/9
  7894 | D:7      | Reached skill level 12 in Polearms
  8082 | D:7      | Reached ** piety under Okawaru
  8355 | D:7      | Found Buntog's Jewellery Boutique.
  8363 | D:7      | Bought a cursed -4 ring of dexterity for 22 gold pieces
  8363 | D:7      | Bought a cursed ring of teleportation for 49 gold pieces
  8509 | D:8      | Reached skill level 10 in Fighting
  8509 | D:8      | Reached skill level 13 in Polearms
  8685 | D:8      | Found Ehuareug's Antique Armour Emporium.
  8699 | D:8      | Bought a crude chain mail for 190 gold pieces
  8709 | D:8      | Identified the cursed +1 chain mail of Precision
                  | Catastrophes {Dex+6} (You bought it in a shop on level 8 of
                  | the Dungeon)
  8736 | D:8      | Found Wexer's Weapon Shop.
  8811 | D:8      | Reached skill level 1 in Armour
  8926 | D:8      | Found a hide-covered altar of Uskayaw.
  8926 | D:8      | Found a snail-covered altar of Cheibriados.
  8927 | D:8      | Found an ornate altar of the Wu Jian Council.
  8928 | D:8      | Found a radiant altar of Vehumet.
  8970 | D:8      | Found Uroyster's Gadget Emporium.
  9003 | D:8      | Reached skill level 5 in Dodging
  9068 | D:8      | Reached *** piety under Okawaru
  9112 | D:8      | Found a staircase to the Lair.
  9677 | D:9      | Found a staircase to the Orcish Mines.
  9706 | D:9      | Reached XP level 10. HP: 53/86 MP: 10/10
  9826 | D:9      | Noticed a manticore
  9835 | D:9      | Killed a manticore
  9981 | D:9      | Found Viyq Uff's Weapon Emporium.
 10023 | D:9      | Found Minaidyk's Food Boutique.
 10507 | D:9      | Reached **** piety under Okawaru
 10696 | D:9      | Found Jaanefid's Assorted Antiques.
 10787 | D:10     | Entered Level 10 of the Dungeon
 10904 | D:10     | Reached skill level 14 in Polearms
 11744 | D:11     | Noticed a five-headed hydra
 11751 | D:11     | Killed a five-headed hydra
 11751 | D:11     | Reached XP level 11. HP: 93/93 MP: 8/11
 11827 | D:11     | Reached ***** piety under Okawaru
 12231 | D:11     | Received a gift from Okawaru
 12314 | D:11     | Noticed a manticore
 12323 | D:11     | Killed a manticore
 12559 | D:11     | Reached skill level 15 in Polearms
 12852 | D:8      | Bought a runed buckler for 150 gold pieces
 12900 | Lair:1   | Entered Level 1 of the Lair of Beasts
 12924 | Lair:1   | Noticed a spriggan rider
 12927 | Lair:1   | Received a gift from Okawaru
 12935 | Lair:1   | Reached skill level 1 in Shields
 13203 | D:8      | Received a gift from Okawaru
 13204 | D:8      | Found the +7 Spriggan's Knife {stab, EV+4 Stlth+}
 13567 | Lair:1   | Reached skill level 5 in Armour
 13637 | Lair:1   | Noticed a six-headed hydra
 13649 | Lair:1   | Killed a six-headed hydra
 13649 | Lair:1   | Reached XP level 12. HP: 87/102 MP: 12/12
 13891 | Lair:1   | Reached skill level 10 in Dodging
 14385 | Lair:2   | Noticed a six-headed hydra
 14395 | Lair:2   | Killed a six-headed hydra
 14395 | Lair:2   | Received a gift from Okawaru
 14687 | Lair:2   | Reached skill level 16 in Polearms
 14715 | Lair:2   | Reached ****** piety under Okawaru
 15596 | Lair:2   | Reached skill level 5 in Shields
 15604 | Lair:2   | Received a gift from Okawaru
 15910 | Lair:3   | Found a staircase to the Swamp.
 15928 | Lair:3   | Reached XP level 13. HP: 103/111 MP: 13/13
 16932 | Lair:4   | Reached skill level 1 in Invocations
 16995 | Lair:4   | Found the +3 pair of gauntlets of War {Slay+5}
 17076 | Lair:4   | Found a hole to the Spider Nest.
 17581 | Lair:5   | Noticed Snorg
 17592 | Lair:5   | Killed Snorg
 17914 | Lair:5   | Reached skill level 17 in Polearms
 17970 | Lair:5   | Received a gift from Okawaru
 18824 | Lair:6   | Entered Level 6 of the Lair of Beasts
 18824 | Lair:6   | Found a staircase to the Slime Pits.
 19462 | Lair:6   | Noticed Kirke
 19542 | Lair:6   | Killed Kirke
 19742 | Lair:6   | Reached XP level 14. HP: 110/119 MP: 17/17
 20105 | Lair:6   | Got a sparkling platinum ring
 20119 | Lair:6   | Identified the ring "Gotann" {rN+ Int+7 Stlth+} (You found
                  | it on level 6 of the Lair of Beasts)
 20219 | Lair:6   | Received a gift from Okawaru
 20416 | Lair:6   | Reached skill level 5 in Invocations
 21126 | D:3      | Killed Rem's ghost
 21316 | Orc:1    | Entered Level 1 of the Orcish Mines
 21325 | Orc:1    | Found an iron altar of Okawaru.
 21448 | Orc:1    | Found Esiotweh's Jewellery Shoppe.
 21474 | Orc:1    | Bought a cursed ring of attention for 63 gold pieces
 21825 | Orc:2    | Entered Level 2 of the Orcish Mines
 21840 | Orc:2    | Found a staircase to the Elven Halls.
 22390 | Orc:2    | Reached skill level 18 in Polearms
 22556 | Orc:2    | Received a gift from Okawaru
 22909 | Orc:2    | Found Dusoniukk's Distillery.
 22909 | Orc:2    | Found Ziexieng's Antique Weapon Emporium.
 22909 | Orc:2    | Found Baeher's Food Shoppe.
 22912 | Orc:2    | Found Bekyol's Antique Armour Boutique.
 23208 | Orc:2    | Bought a potion of mutation for 128 gold pieces
 23208 | Orc:2    | Bought a potion of heal wounds for 80 gold pieces
 23336 | D:7      | Bought the ring "Mirchu" {rElec rPois Int+6} for 843 gold
                  | pieces
 23661 | D:12     | Found Ditwie's Distillery.
 23691 | D:12     | Received a gift from Okawaru
 23710 | D:12     | Bought a potion of mutation for 128 gold pieces
 23710 | D:12     | Bought a potion of flight for 48 gold pieces
 23787 | D:12     | Found Jageos's Antique Weapon Boutique.
 23849 | D:12     | Found Keegu's Assorted Antiques.
 23854 | D:12     | Bought a runed demon trident for 414 gold pieces
 23855 | D:12     | Bought a tower shield for 103 gold pieces
 23994 | D:12     | Found a portal to a secret trove of treasure.
 24045 | D:12     | Found Epoaf's Antique Armour Shop.
 24292 | D:13     | You fall into a shaft and drop 1 floor!
 24990 | D:13     | Reached XP level 15. HP: 127/127 MP: 19/19
 25298 | D:14     | Received a gift from Okawaru
 25977 | D:14     | Found a gate to the Vaults.
 26088 | D:14     | Found a glowing silver altar of Zin.
 26253 | D:14     | Received a gift from Okawaru
 27049 | D:15     | Entered Level 15 of the Dungeon
 27049 | D:15     | Found Adwara's Antique Weapon Shop.
 27073 | D:15     | Received a gift from Okawaru
 27360 | D:15     | Identified the +7 chain mail of Absence {rF+ rC+} (You
                  | found it on level 15 of the Dungeon)
 27636 | D:15     | Found a staircase to the Depths.
 27726 | D:15     | Reached skill level 15 in Fighting
 27808 | D:15     | Found an opulent altar of Gozag.
 28097 | Swamp:1  | Entered Level 1 of the Swamp
 28577 | Swamp:1  | Reached skill level 19 in Polearms
 28672 | Swamp:1  | Noticed Nikola
 28697 | Swamp:1  | Killed Nikola
 28697 | Swamp:1  | Reached XP level 16. HP: 79/136 MP: 22/22
 28933 | Swamp:1  | Identified Roxanne's Grimoire of Stones
 28933 | Swamp:1  | Noticed Roxanne
 29463 | Swamp:1  | Noticed a tentacled monstrosity
 29487 | Swamp:1  | Killed a tentacled monstrosity
 30290 | Swamp:2  | Received a gift from Okawaru
 30438 | Swamp:2  | Noticed a thorn hunter
 30449 | Swamp:2  | Killed a thorn hunter
 30449 | Swamp:2  | Reached skill level 15 in Dodging
 30656 | Swamp:2  | Reached skill level 10 in Shields
 31210 | Swamp:3  | Found a frozen archway.
 31329 | IceCv    | Entered an ice cave
 31812 | IceCv    | Identified the +4 chain mail of Springtime {Int+2} (You
                  | found it in an ice cave)
 32146 | Swamp:3  | Noticed a thorn hunter
 32158 | Swamp:3  | Killed a thorn hunter
 32191 | Swamp:3  | Received a gift from Okawaru
 32343 | Swamp:3  | Found the +2 cloak of the Thief {+Fog Slay-2 SInv Stlth+}
 32598 | Swamp:4  | Entered Level 4 of the Swamp
 33058 | Swamp:4  | Reached XP level 17. HP: 143/143 MP: 24/24
 33079 | Swamp:4  | Noticed Bai Suzhen
 33120 | Swamp:4  | Killed Bai Suzhen
 33303 | Swamp:4  | Reached skill level 10 in Invocations
 33377 | Swamp:4  | Noticed Mara
 33638 | Swamp:4  | Killed Mara
 33638 | Swamp:4  | Received a gift from Okawaru
 33638 | Swamp:4  | Reached skill level 20 in Polearms
 34434 | Swamp:4  | Got a decaying rune of Zot
 34636 | Spider:1 | Entered Level 1 of the Spider Nest
 34639 | Spider:1 | Reached skill level 10 in Armour
 34890 | Spider:1 | Noticed Jorgrun
 34911 | Spider:1 | Received a gift from Okawaru
 34923 | Spider:1 | Killed Jorgrun
 35076 | Spider:1 | Reached XP level 18. HP: 153/153 MP: 25/25
 35153 | Spider:1 | Noticed Aizul
 35172 | Spider:1 | Noticed Asterion
 35182 | Spider:1 | Killed Aizul
 35536 | Spider:1 | Killed Asterion
 37078 | Spider:4 | Entered Level 4 of the Spider Nest
 37306 | Spider:4 | Reached skill level 21 in Polearms
 37325 | Spider:4 | Received a gift from Okawaru
 37325 | Spider:4 | Reached skill level 5 in Throwing
 37485 | Spider:4 | Received a gift from Okawaru
 38416 | Spider:4 | Got a gossamer rune of Zot
 38755 | D:12     | Bought 2 potions of haste for 320 gold pieces
 38755 | D:12     | Bought 2 potions of haste for 320 gold pieces
 38755 | D:12     | Bought a potion of heal wounds for 80 gold pieces
 38755 | D:12     | Bought a potion of might for 64 gold pieces
 38847 | Vaults:1 | Entered Level 1 of the Vaults
 39095 | Vaults:1 | Reached XP level 19. HP: 148/161 MP: 26/26
 39188 | Vaults:1 | Received a gift from Okawaru
 40098 | Vaults:1 | Found an ornate altar of the Wu Jian Council.
 40876 | Vaults:1 | Identified a scroll of acquirement
 41511 | Vaults:1 | Reached skill level 22 in Polearms
 41952 | Vaults:2 | Received a gift from Okawaru
 42394 | Vaults:2 | Received a gift from Okawaru
 42457 | Vaults:2 | Reached XP level 20. HP: 170/170 MP: 27/27
 43042 | Vaults:2 | Noticed Frederick
 43064 | Vaults:2 | Killed Frederick
 43402 | Vaults:2 | Received a gift from Okawaru
 44116 | Vaults:3 | Noticed Margery
 44245 | Vaults:3 | Killed Margery
 44302 | Vaults:3 | Received a gift from Okawaru
 44459 | Vaults:3 | Received a gift from Okawaru
 44548 | Vaults:3 | Reached skill level 23 in Polearms
 44610 | Vaults:3 | Reached skill level 10 in Throwing
 44784 | Vaults:3 | Reached XP level 21. HP: 171/178 MP: 28/28
 44788 | Vaults:3 | Received a gift from Okawaru
 45268 | Vaults:3 | Found a staircase to the Crypt.
 45753 | Vaults:4 | Noticed Boris
 45767 | Vaults:4 | Killed Boris
 45856 | Vaults:4 | Noticed Mennas
 46229 | Vaults:4 | Killed Mennas
 46380 | Vaults:4 | Reached skill level 15 in Shields
 46476 | Vaults:4 | Received a gift from Okawaru
 46608 | Vaults:4 | Found Toliasad's General Store.
 46862 | Vaults:4 | Received a gift from Okawaru
 47534 | Vaults:4 | Received a gift from Okawaru
 47987 | Depths:1 | Entered Level 1 of the Depths
 48792 | Depths:1 | Reached skill level 24 in Polearms
 49016 | Depths:1 | Reached XP level 22. HP: 169/188 MP: 29/29
 49073 | Depths:1 | Found a gateway to a ziggurat.
 49472 | Depths:1 | Found a gateway to Hell.
 50502 | Depths:2 | Received a gift from Okawaru
 50935 | Depths:2 | Got a pair of slimy boots {god gift}
 50946 | Depths:2 | Identified the +0 pair of boots of the Past {rC+ Dex+6}
                  | (Okawaru gifted it to you on level 2 of the Depths)
 51303 | Depths:2 | Cast into level 4 of the Abyss (a lich)
 51303 | Abyss:4  | Found a corrupted altar of Lugonu.
 51379 | Abyss:4  | Paralysed by accursed screaming for 1 turns
 51385 | Abyss:4  | Paralysed by accursed screaming for 2 turns
 51398 | Abyss:4  | Got an abyssal rune of Zot
 51880 | Depths:2 | Escaped the Abyss
 52516 | Depths:2 | Noticed a golden dragon
 52748 | Depths:2 | Noticed a golden dragon
 52753 | Depths:2 | Noticed a golden dragon
 52781 | Depths:2 | Killed a golden dragon
 52806 | Depths:2 | Killed a golden dragon
 53344 | Depths:2 | Received a gift from Okawaru
 53528 | Depths:2 | Noticed a juggernaut
 53559 | Depths:2 | Killed a juggernaut
 53559 | Depths:2 | Received a gift from Okawaru
 53560 | Depths:2 | Noticed a juggernaut
 54346 | Depths:2 | Noticed a caustic shrike
 54365 | Depths:2 | Killed a caustic shrike
 54515 | Depths:2 | Killed a juggernaut
 54515 | Depths:2 | Reached skill level 25 in Polearms
 54515 | Depths:2 | Reached XP level 23. HP: 148/197 MP: 24/30
 54792 | Depths:2 | Noticed a juggernaut
 54808 | Depths:2 | Killed a juggernaut
 55219 | Depths:3 | Found a runed translucent door.
 55220 | Depths:3 | Noticed Yre Kiomnai's ghost (veteran FoFi)
 55424 | Depths:3 | Received a gift from Okawaru
 55438 | Depths:3 | Found a one-way gate leading to the halls of Pandemonium.
 56334 | Depths:4 | Received a gift from Okawaru
 57017 | Depths:4 | Found Jomar's Weapon Shop.
 57023 | Depths:4 | Found Nufyirim's Magic Scroll Boutique.
 57023 | Depths:4 | Found Hompug's Jewellery Shop.
 57035 | Depths:4 | Found Mytow's General Store.
 57038 | Depths:4 | Bought an uncursed ring of resist corrosion for 460 gold
                  | pieces
 57044 | Depths:4 | Bought 3 scrolls of enchant weapon for 427 gold pieces
 57044 | Depths:4 | Bought a scroll of torment for 142 gold pieces
 57044 | Depths:4 | Bought a scroll of enchant armour for 142 gold pieces
 57159 | Depths:4 | Found a burning altar of Makhleb.
 57223 | Depths:4 | Received a gift from Okawaru
 57278 | Depths:4 | Received a gift from Okawaru
 57752 | Depths:4 | Found a one-way gate to the infinite horrors of the Abyss.
 58036 | Depths:5 | Entered Level 5 of the Depths
 58059 | Depths:5 | Received a gift from Okawaru
 58112 | Depths:5 | Found a gate to the Realm of Zot.
 58112 | Depths:5 | Noticed a golden dragon
 58139 | Depths:5 | Killed a golden dragon
 58139 | Depths:5 | Received a gift from Okawaru
 58139 | Depths:5 | Reached XP level 24. HP: 176/208 MP: 24/30
 58172 | Depths:5 | Reached skill level 26 in Polearms
 58296 | Depths:5 | Received a gift from Okawaru
 58749 | Depths:5 | Noticed the Enchantress
 59190 | Depths:4 | Killed the Enchantress
 60574 | Elf:1    | Entered Level 1 of the Elven Halls
 60877 | Elf:1    | Received a gift from Okawaru
 60878 | Elf:1    | Got a pair of encrusted boots {god gift}
 60889 | Elf:1    | Identified the +0 pair of boots "Oshritoadd" {*Contam Str+2
                  | Int+4} (Okawaru gifted it to you on level 1 of the Elven
                  | Halls)
 60999 | Elf:1    | Found Ewesiko's General Store.
 61001 | Elf:1    | Found Kuiteh's Armour Shop.
 61003 | Elf:1    | Found Liybo's Armour Boutique.
 61009 | Elf:1    | Bought a +2 tower shield of resistance for 664 gold pieces
 61009 | Elf:1    | Bought the +2 hood of the Assassin {Detection Stab+
                  | Stlth++} for 960 gold pieces
 61009 | Elf:1    | Found the +2 hood of the Assassin {Detection Stab+ Stlth++}
 61802 | Elf:2    | Found a runed translucent gate.
 61804 | Elf:2    | Found a runed translucent gate.
 61807 | Elf:2    | Found a runed translucent gate.
 61902 | Elf:2    | Found Bolevih's Distillery.
 62103 | Elf:2    | Bought a potion of mutation for 152 gold pieces
 62103 | Elf:2    | Bought a potion of haste for 190 gold pieces
 62103 | Elf:2    | Bought a potion of heal wounds for 95 gold pieces
 62103 | Elf:2    | Bought a potion of haste for 190 gold pieces
 62786 | Elf:3    | Entered Level 3 of the Elven Halls
 62796 | Elf:3    | Found Himuella's Antique Armour Emporium.
 62804 | Elf:3    | Bought a glowing cloak for 240 gold pieces
 62821 | Elf:3    | Reached XP level 25. HP: 216/216 MP: 30/30
 63141 | Elf:3    | Noticed Louise
 63152 | Elf:3    | Killed Louise
 63230 | Elf:3    | Received a gift from Okawaru
 63735 | Elf:3    | Received a gift from Okawaru
 64543 | Elf:3    | Reached skill level 27 in Polearms
 64742 | Elf:3    | Identified the cursed +3 great mace of the Shining Light
                  | {drain, rPois MR+ Str+3 Int+4}
 64877 | Elf:3    | Identified Wegutza's Papyrus of Arcane Weapons
 64881 | Elf:3    | Identified the Reference Book on the Torrid Snowflakes
 64883 | Elf:3    | Identified the Disquisition on Excruciating Unholy Secrets
 64894 | Elf:3    | Identified the Compendium of Warped Protection
 64898 | Elf:3    | Got a sparkling lapis lazuli ring
 64899 | Elf:3    | Identified the ring "Panucami" {rN+ Int+2} (You found it on
                  | level 3 of the Elven Halls)
 65658 | Depths:3 | Killed Yre Kiomnai's ghost
 65732 | Hell     | Entered the Vestibule of Hell
 65732 | Hell     | Noticed Geryon
 65783 | Hell     | HP: 10/216 [soul eater/drain life (6)]
 66270 | Hell     | Killed Geryon
 67568 | Hell     | Received a gift from Okawaru
 67917 | Hell     | Found a gateway to the decaying netherworld of Tartarus.
 68111 | Hell     | Found a gateway to the freezing wastes of Cocytus.
 68195 | Hell     | Found a gateway to the Iron City of Dis.
 68269 | Hell     | Found a gateway to the ashen valley of Gehenna.
 68555 | Vaults:5 | Entered Level 5 of the Vaults
 68571 | Vaults:4 | Received a gift from Okawaru
 68627 | Vaults:5 | Noticed an ancient lich
 68644 | Vaults:4 | Reached XP level 26. HP: 45/226 MP: 30/30
 69079 | Vaults:5 | Gained mutation: Your magical capacity is low. (-10% MP) [a
                  | shining eye]
 69282 | Vaults:5 | Noticed Boris
 69305 | Vaults:4 | Killed an ancient lich
 69305 | Vaults:4 | Received a gift from Okawaru
 69332 | Vaults:5 | Noticed an ancient lich
 69361 | Vaults:4 | Killed Boris
 69725 | Vaults:5 | Killed an ancient lich
 70024 | Vaults:5 | Noticed a shard shrike
 70024 | Vaults:5 | a titan changed into a shard shrike
 70028 | Vaults:5 | a shard shrike changed into a titan
 70033 | Vaults:5 | Noticed a shard shrike
 70033 | Vaults:5 | a titan changed into a shard shrike
 70035 | Vaults:5 | a shard shrike changed into a golden dragon
 70139 | Vaults:5 | Identified the amulet of Cutyqip {Acrobat rPois rF- Str+2
                  | Int+4}
 70299 | Vaults:5 | Identified the ring "Deghin" {rF+ rN+ MR+}
 70412 | Vaults:5 | Killed from afar by a titan

Illustrated notes

Levels and vault maps discovered:
D:1:      saegor_arrival_under_anarchy, layout_basic
D:2:      layout_loops_cross, first_ration
D:3:      layout_loops_corners, gammafunk_ghost_nasty_kobolds, minmay_pentangle
D:4:      layout_cave_pods, serial_rivers, chequers_serial_rivers_micro_c,
          chequers_serial_rivers_small_a, chequers_serial_rivers_small_b,
          chequers_serial_rivers_micro_a, chequers_serial_rivers_large_a,
          chequers_serial_rivers_micro_d
D:5:      layout_cave_pods, old_standard_altar, kennysheep_mini_moat,
          minmay_misc_feat_roman
D:6:      layout_basic, yredelemnul_forgotten_temple_becter, marbit_many_paths,
          minmay_temple_entry_wispy
D:7:      layout_basic, serial_shops, shop_statue
D:8:      layout_basic, minitemple, lair_entry_dummy, serial_shops, shop, shop,
          shop
D:9:      layout_gridville, orc_0_dummy, serial_shops, shop, nicolae_shop_stone,
          shop
D:10:     layout_loops_ring
D:11:     layout_cave_pods, grunt_pizzeria
D:12:     layout_basic, trove_entry_hex_spiral, serial_shops, shop_statue,
          nicolae_shop_trees, nicolae_shop_overgrown_old_shop, shop_fountains
D:13:     layout_loops_ring
D:14:     layout_roguey, grunt_vaults_entry_fortified, lemuel_tele_altar
D:15:     grunt_enter_depths_hoard, layout_rooms, serial_shops, shop,
          serial_bayou_pond_a, grunt_gozag_statues
Temple:   eino_narrow_crystal_temple
Lair:1:   layout_loops_ring, grunt_forest_large_clearings
Lair:2:   layout_chaotic_city
Lair:3:   layout_cave_pods, minmay_swamp_entry_swarm, lemuel_fruit_fields,
          grunt_megastairs_5
Lair:4:   layout_regular_city, dummy_spider_entry, serial_bayou_shore_a
Lair:5:   layout_layer_cave, infiniplex_staircase_pool_2, grunt_megastairs_2,
          serial_bayou_shore_b, uniq_snorg
Lair:6:   hangedman_lair_caniforms_friends, layout_concentric_octagons,
          guppyfry_lair_end_dragon, slime_dummy, uniq_kirke
Swamp:1:  cheibrodos_swamp_monstrosity, layout_falls_marsh,
          evilmike_swamp_ruin_rubble_1, uniq_roxanne, uniq_nikola
Swamp:2:  layout_basic_swamp, infiniplex_staircase_pool, swamp_pool1
Swamp:3:  cheibrodos_swamp_tower_of_moss, layout_basic_swamp,
          portal_ice_cave_entry_ice_statue_one, evilmike_swamp_ruin_house_3
Swamp:4:  swamp_basic_johnstein, layout_basic_swamp, uniq_bai_suzhen, uniq_mara
Spider:1: layout_spider_delve, uniq_jorgrun, uniq_asterion, uniq_aizul
Spider:2: layout_spider_delve, guppyfry_spider_mini_3
Spider:3: layout_spider_delve
Spider:4: spider_rune_water
Orc:1:    layout_diamond_mine, serial_shops, shop, okawaru_metal_pillars_3
Orc:2:    st_orc_rangers, layout_caves
Elf:1:    layout_gridlike, minmay_elf_crystal_hexagon, minmay_shop_star
Elf:2:    layout_geoelf_octagon, serial_shops, shop_fountains, drop_trap
Elf:3:    minmay_elf_hall_four_x, layout_geoelf_castle, serial_shops,
          nicolae_shop_statue_plus, uniq_louise
Vaults:1: ontoclasm_vaults_bender, ontoclasm_vaults_idyll,
          nicolae_vaults_hallways_thing, vaults_room_large_hall,
          hangedman_vaults_stretched_pinwheel, vaults_room_grid,
          ontoclasm_vaults_spin, ontoclasm_vaults_tryst, grunt_vaults_focal,
          hangedman_vaults_stagger, hangedman_vaults_pinch,
          vaults_mumra_minichess_inversion, vaults_room_door_ring,
          nicolae_vaults_three_branches, v_misc_2, layout_vaults_maze_snakey,
          basic_altar
Vaults:2: st_spiral_rooms, vaults_room_grid, v_misc_3,
          nicolae_vaults_ninety_degrees, grunt_vaults_hallway_short, v_misc_29,
          v_misc_9, vaults_dpeg_diagonal, v_misc_16, v_misc_8,
          layout_vaults_omnicross, uniq_frederick
Vaults:3: minmay_crypt_entry_simple_walls, hangedman_vaults_cutoff,
          ontoclasm_vaults_ring_small, nicolae_vaults_stairing_the_circle,
          nicolae_vaults_little_ls, nicolae_vaults_shelves_hall, v_misc_26,
          vaults_room_stairs_pillars, layout_vaults_omnigrid, uniq_margery
Vaults:4: nicolae_vaults_specimen_jars, v_misc_14,
          nicolae_vaults_disjoint_gnomons, v_misc_28, ontoclasm_vaults_ligature,
          hangedman_vaults_snaps, ontoclasm_vaults_chip,
          nicolae_vaults_network_periphery, vaults_room_semicircle,
          nicolae_vaults_little_squares_1, nicolae_vaults_little_squares_3,
          dpeg_vaults_monster_box, nicolae_vaults_shelves_hall,
          layout_vaults_chaotic_city, serial_shops, shop, uniq_mennas,
          uniq_boris
Vaults:5
Depths:1: layout_roguey, enter_ziggurat_d, hell_entry, minmay_misc_feat_columns,
          hangedman_stitches_earthworm, grunt_megastairs_3
Depths:2: gammafunk_depths_water_palace, layout_cave_shapes,
          grunt_mini_vestibule, dk_noncrumbling_2
Depths:3: minmay_slanted_spiral_squares, layout_gridlike,
          chequers_serial_rivers_small_3, grunt_pan_entry_spiral,
          gammafunk_ghost_grave, hell_entry, grunt_ministairs_6,
          hangedman_decor_peaks_small, infiniplex_staircase_zigzag_2,
          firewood_loft
Depths:4: minmay_the_grid_four_pointed_star_mashed
          [minmay_the_grid_triangle_9x9_shrine,
          minmay_the_grid_triangle_9x9_intruding_spiral,
          minmay_the_grid_triangle_9x9_semitri,
          minmay_the_grid_triangle_9x9_zippers_vertical,
          minmay_the_grid_prize_inner_circle], layout_gridlike,
          abyss_entry_small_statue_room, pf_coc_iceberg,
          roderic_cross_of_infinity, minmay_shoptagon,
          minmay_staircase_windowed_small
Depths:5: grunt_zot_entry_funnels, layout_long_grid,
          minmay_misc_feat_secret_circle, hell_entry, uniq_enchantress
Hell

Skill      XL: |  1  2  3  4  5  6  7  8  9 10 11 12 13 14 15 16 17 18 19 20 21 22 23 24 25 26 |
---------------+-------------------------------------------------------------------------------+-----
Polearms       | 5 6 7 8 9 11 13 14 15 16 17 18 19 20 21 22 23 24 25 26 27 | 27.0
Fighting       | 3 4 5 7 9 10 11 12 13 14 15 16 17 18 19 20 21 22 | 22.8
Armour         | 1 3 5 6 7 8 9 10 11 12 | 12.2
Dodging        | 5 7 9 11 12 13 14 15 16 17 18 19 20 21 22 23 24 | 24.9
Shields        | 3 5 7 8 9 10 11 12 13 14 15 16 17 18 19 | 19.4
Invocations    | 4 6 8 9 10 | 10.0
Throwing       | 3 6 8 10 | 10.0

Action                   |  1- 3 |  4- 6 |  7- 9 | 10-12 | 13-15 | 16-18 | 19-21 | 22-24 | 25-27 || total
-------------------------+-------+-------+-------+-------+-------+-------+-------+-------+-------++-------
Melee: Trident           |   112 |   151 |    91 |       |       |       |       |       |       ||   354
       Spear             |       |       |   204 |   682 |  1075 |       |       |       |       ||  1961
       Tailslap          |       |       |       |       |    39 |    50 |       |    41 |       ||   130
       Demon trident     |       |       |       |       |   602 |  1910 |  1901 |  1970 |  1079 ||  7462
Throw: Throwing net      |       |     2 |       |       |       |       |       |       |       ||     2
       Boomerang         |       |       |       |    11 |     3 |    11 |       |       |     1 ||    26
       Javelin           |       |       |       |       |       |       |       |       |    30 ||    30
Invok: Heroism           |       |       |       |     2 |     3 |     6 |     5 |    10 |    10 ||    36
       Finesse           |       |       |       |       |       |     4 |     4 |     8 |     7 ||    23
  Use: Scroll            |     5 |     8 |    12 |     6 |     8 |    10 |     8 |    24 |    11 ||    92
       Potion            |       |     1 |     1 |       |     2 |     2 |     5 |     7 |     3 ||    21
 Stab: Sleeping          |     1 |     3 |       |       |       |       |       |       |       ||     4
       Petrified         |       |       |       |       |     2 |       |       |       |       ||     2
       Petrifying        |       |       |       |       |     1 |       |       |       |       ||     1
       Distracted        |       |       |       |       |       |       |       |     1 |     1 ||     2
       Paralysed         |       |       |       |       |       |       |       |     2 |       ||     2
  Eat: Chunk             |     2 |    11 |    14 |    21 |    37 |    26 |    28 |    35 |    10 ||   184
       Ration            |       |       |       |       |     1 |     3 |     1 |     3 |     4 ||    12
Armor: Leather armour    |    23 |    22 |       |       |       |       |       |       |       ||    45
       Ring mail         |       |     9 |    34 |       |       |       |       |       |       ||    43
       Chain mail        |       |       |    15 |   124 |   179 |   632 |   269 |   213 |       ||  1432
       Gold dragon scale |       |       |       |       |       |       |       |   160 |   492 ||   652
Dodge: Dodged            |    63 |    85 |    77 |   236 |   443 |   892 |   469 |   597 |   504 ||  3366
Block: Other             |     5 |    26 |    21 |    16 |       |       |       |       |       ||    68
       Reflection        |       |     3 |     3 |     1 |    53 |    11 |   172 |    91 |    30 ||   364
       Buckler           |       |       |       |   191 |   458 |       |       |       |       ||   649
       Kite shield       |       |       |       |       |   146 |  1549 |   834 |       |       ||  2529
       Tower shield      |       |       |       |       |       |       |   374 |  1600 |  1368 ||  3342

Table legend:
 A = Non-vault XP
 B = Vault XP
 C = Vault XP percentage of total XP
 D = Non-vault monster count
 E = Vault monster count
 F = Vault count percentage of total count
                 A         B        C        D         E       F
            +---------+---------+-------+---------+---------+-------
      Total |  581560 |  610914 |  51.2 |    1396 |     745 |  34.8
            +---------+---------+-------+---------+---------+-------
        D:1 |      63 |       0 |   0.0 |      29 |       0 |   0.0
        D:2 |      84 |       0 |   0.0 |      11 |       0 |   0.0
        D:3 |      60 |     348 |  85.3 |       9 |      17 |  65.4
        D:4 |     353 |       0 |   0.0 |      20 |       0 |   0.0
        D:5 |     775 |       0 |   0.0 |      19 |       0 |   0.0
        D:6 |     253 |      46 |  15.4 |      10 |       2 |  16.7
        D:7 |    1519 |       0 |   0.0 |      36 |       0 |   0.0
        D:8 |    1538 |       0 |   0.0 |      28 |       0 |   0.0
        D:9 |    1891 |       0 |   0.0 |      30 |       0 |   0.0
       D:10 |     954 |       0 |   0.0 |      20 |       0 |   0.0
       D:11 |    4863 |     200 |   4.0 |      41 |       1 |   2.4
       D:12 |    2893 |       0 |   0.0 |      18 |       0 |   0.0
       D:13 |    4561 |       0 |   0.0 |      20 |       0 |   0.0
       D:14 |   18426 |    7463 |  28.8 |      60 |      10 |  14.3
       D:15 |    9656 |    2995 |  23.7 |      25 |       6 |  19.4
     Lair:1 |    4818 |    2665 |  35.6 |      18 |      22 |  55.0
     Lair:2 |    7123 |    1796 |  20.1 |      28 |       4 |  12.5
     Lair:3 |    4920 |    1826 |  27.1 |      27 |       7 |  20.6
     Lair:4 |    2294 |       0 |   0.0 |      10 |       0 |   0.0
     Lair:5 |    4843 |    2522 |  34.2 |      18 |       8 |  30.8
     Lair:6 |    4791 |   17215 |  78.2 |      11 |      76 |  87.4
    Swamp:1 |   13508 |    5950 |  30.6 |      43 |       2 |   4.4
    Swamp:2 |   17218 |       0 |   0.0 |      40 |       0 |   0.0
    Swamp:3 |   12632 |    2500 |  16.5 |      34 |       2 |   5.6
    Swamp:4 |    8125 |   36930 |  82.0 |      16 |      35 |  68.6
   Spider:1 |   21127 |    7140 |  25.3 |      64 |       3 |   4.5
   Spider:2 |    6705 |    1700 |  20.2 |      20 |       7 |  25.9
   Spider:3 |    6328 |       0 |   0.0 |      19 |       0 |   0.0
   Spider:4 |   21399 |   21510 |  50.1 |      53 |      38 |  41.8
      Orc:1 |    2668 |    1062 |  28.5 |      29 |       8 |  21.6
      Orc:2 |    3000 |    3597 |  54.5 |      43 |      29 |  40.3
      Elf:1 |   12762 |    2238 |  14.9 |      19 |       4 |  17.4
      Elf:2 |   25609 |   25535 |  49.9 |      40 |      31 |  43.7
      Elf:3 |   10719 |   40757 |  79.2 |      23 |      35 |  60.3
   Vaults:1 |   45385 |   15684 |  25.7 |      87 |      33 |  27.5
   Vaults:2 |   56447 |   21113 |  27.2 |      82 |      26 |  24.1
   Vaults:3 |   38959 |   13716 |  26.0 |      59 |      19 |  24.4
   Vaults:4 |   41456 |   67600 |  62.0 |      47 |      55 |  53.9
   Vaults:5 |    8785 |   80229 |  90.1 |      12 |      51 |  81.0
   Depths:1 |   19088 |   13217 |  40.9 |      23 |      15 |  39.5
   Depths:2 |   16411 |   87783 |  84.2 |      18 |      58 |  76.3
   Depths:3 |   12386 |   39510 |  76.1 |      20 |      51 |  71.8
   Depths:4 |   53256 |   29704 |  35.8 |      53 |      16 |  23.2
   Depths:5 |   31160 |   25910 |  45.4 |      34 |      19 |  35.8
       Hell |    5342 |   21503 |  80.1 |       8 |      30 |  78.9
    Abyss:4 |   14407 |     425 |   2.9 |      22 |       1 |   4.3
      IceCv |       0 |    8525 | 100.0 |       0 |      24 | 100.0
            +---------+---------+-------+---------+---------+-------
